 Seeded DCSS version 0.30.0-10-gfe55d96785 (webtiles) character file.

Game seed: 10090500252402427320 (custom seed)

242 GigaChad the Shield-Bearer (level 6, 0/48 HPs)
             Began as a Formicid Fighter on May 15, 2023.
             Was an Initiate of Elyvilon.
             Slain by a mummy (14 damage)
             ... in an ossuary.
             The game lasted 00:03:52 (3123 turns).

GigaChad the Shield-Bearer (Formicid Fighter)       Turns: 3123, Time: 00:03:53

Health: 0/48       AC:  7    Str: 22    XL:     6   Next: 30%
Magic:  6/6        EV:  9    Int: 10    God:    Elyvilon [......]
Gold:   164        SH:  6    Dex: 24    Spells: 5/5 levels left

rFire   . . .        i - +0 battleaxe of Omiem {heavy, Drain Int-2 Dex+5 SInv}
rCold   . . .        c - +0 buckler
rNeg    . . .        b - +0 scale mail
rPois   .            (helmet unavailable)
rElec   .            (no cloak)
rCorr   .            (no gloves)
SInv    +            (no boots)
Will    .....        (no amulet)
Stlth   ++           l - ring "Rif Veci" {Int+4 Dex+6 Stlth+}
HPRegen 0.28/turn    (no ring)
MPRegen 0.10/turn

%: no passive effects
@: marked
A: permanent stasis, dig shafts and tunnels, antennae 3, four strong arms
a: Dig, Renounce Religion


You were in an ossuary.
You worshipped Elyvilon.
Elyvilon was noncommittal.
You visited 2 branches of the dungeon, and saw 5 of its levels.
You also visited: Ossuary.

You collected 164 gold pieces.

Inventory:

Hand Weapons
 a - a +0 war axe of chaos
 i - the +0 battleaxe of Omiem (weapon) {heavy, Drain Int-2 Dex+5 SInv}
   (You acquired it on level 1 of the Dungeon)

   Int:       It affects your intelligence (-2).
   Dex:       It affects your dexterity (+5).
   SInv:      It lets you see invisible.
   Drain:     It drains your maximum health when unequipped.
 n - a +3 quarterstaff of chaos
Armour
 b - a +0 scale mail (worn)
 c - a +0 buckler (worn)
 o - a +0 cloak
Jewellery
 l - the ring "Rif Veci" (left hand) {Int+4 Dex+6 Stlth+}
   (You acquired it on level 2 of the Dungeon)

   [ring of dexterity]

   Int:       It affects your intelligence (+4).
   Dex:       It affects your dexterity (+6).
   Stlth:     It makes you more stealthy.
Scrolls
 g - a scroll of fog {unknown}
 h - 4 scrolls of identify {unknown}
 k - 2 scrolls of teleportation
 p - a scroll of magic mapping {unknown}
 t - a scroll of vulnerability {unknown}
Potions
 d - 3 potions of might
 e - a potion of flight {unknown}
 f - 3 potions of brilliance {unknown}
 j - 2 potions of haste {unknown}
 m - a potion of heal wounds {unknown}
 q - 3 potions of curing
 r - a potion of mutation {unknown}
 s - a potion of invisibility {unknown}


   Skills:
 * Level 4.1 Fighting
 * Level 4.4 Axes
 * Level 4.4 Armour
 * Level 5.0 Shields


You had 5 spell levels left.
You didn't know any spells.
Your spell library contained the following spells:

 Spells                   Type           Power      Damage    Failure   Level
 Ensorcelled Hibernation  Hex/Ice        0%         N/A       87%         2
 Spider Form              Tmut/Pois      0%         N/A       98%         3
 Anguish                  Hex/Necr       0%         N/A       100%        4


Dungeon Overview and Level Annotations

Branches:
Dungeon (4/15)             Temple (1/1) D:4         Ossuary (1/1)

Altars:
Ashenzari
Elyvilon
Nemelex Xobeh
Yredelemnul
The Shining One


Innate Abilities, Weirdness & Mutations

You cannot be hasted, slowed, berserked, paralysed or teleported.
You can dig through walls and to a lower floor.
You have a pair of large antennae on your head. (SInv)
Your four strong arms can wield two-handed weapons with a shield.


Message History

There is an open door here.
A mummy comes into view.
There is an open door here.
A mummy is nearby!
A mummy is nearby!
A mummy is nearby!
A mummy comes into view.
You closely miss the mummy. You hit the mummy. You block the mummy's attack.
The mummy hits you!
You slash the mummy!
The mummy is almost destroyed.
You barely miss the mummy. You block the mummy's attack.
A mummy comes into view.
You block the mummy's attack. The mummy hits you but does no damage.
You hit the mummy but do no damage.
The mummy is almost destroyed.
You slash the mummy! The mummy barely misses you. The mummy hits you!
The mummy pulls the alarm!
The alarm trap emits a blaring wail!
A sentinel's mark forms upon you.
You hit the mummy but do no damage.
The mummy is almost destroyed.
You completely miss the mummy. The mummy hits you!
* * * LOW HITPOINT WARNING * * *
The mummy barely misses you.
You are too injured to fight recklessly!
You are too injured to fight recklessly!
Unknown command.
You are too injured to fight recklessly!
Unknown command.
You are too injured to fight recklessly!
Unknown command.
Unknown command.
You hit the mummy.
You destroy the mummy!
You slice the mummy!!
You destroy the mummy!
You barely miss the mummy. The mummy hits you but does no damage.
The mummy hits you!
You die...

##### #!!.# #
#!.?# #. ##.##
###'### #.###
##.....## ##.'.#
##....M@.###..###
#.........#...'.#
+....⌠....'...###
#.........#...'.#
##.......###..###
##.....## ##.'.#
###'### #.### #.#
##.## ##.## #...#


You could see a mummy.

Vanquished Creatures
  A human zombie (Ossuary)
  A jelly (D:3)
  Crazy Yiuf (D:2)
  An iguana (D:4)
  5 mummies (Ossuary)
  2 adders (D:3)
  2 worms (D:3)
  7 orcs
  4 bats
  2 endoplasms (D:4)
  3 giant cockroaches
  6 goblins
  7 hobgoblins
  4 quokkas
  3 ball pythons
  A frilled lizard (D:1)
  6 kobolds
  3 kobold zombies (Ossuary)
  4 rats
63 creatures vanquished.

Notes
Turn   | Place    | Note
-------+----------+-------------------------------------------
     0 | D:1      | GigaChad the Formicid Fighter began the quest for the Orb.
     0 | D:1      | Reached XP level 1. HP: 18/18 MP: 1/1
   288 | D:1      | Reached XP level 2. HP: 24/24 MP: 2/2
   779 | D:1      | Identified a scroll of acquirement
   779 | D:1      | Acquired the +0 battleaxe of Omiem {heavy, Drain Int-2
                  | Dex+5 SInv}
   961 | D:2      | Found a sparkling altar of Nemelex Xobeh.
  1245 | D:2      | Reached XP level 3. HP: 29/30 MP: 3/3
  1279 | D:2      | Found a runed translucent door.
  1280 | D:2      | Noticed Crazy Yiuf
  1283 | D:2      | Acquired the ring "Rif Veci" {Int+4 Dex+6 Stlth+}
  1290 | D:2      | Killed Crazy Yiuf
  1291 | D:2      | Reached XP level 4. HP: 27/37 MP: 4/4
  1632 | D:3      | Found a basalt altar of Yredelemnul.
  1812 | D:3      | Reached XP level 5. HP: 42/42 MP: 5/5
  2553 | D:4      | Identified the +5 ring mail "Dyhon" {rN+ Str+4 Dex-3}
  2579 | D:4      | Found a staircase to the Ecumenical Temple.
  2588 | Temple   | Entered the Ecumenical Temple
  2607 | Temple   | Became a worshipper of Elyvilon the Healer
  2722 | D:4      | Found a sand-covered staircase.
  3051 | Ossuary  | Entered an ossuary
  3072 | Ossuary  | Reached XP level 6. HP: 48/48 MP: 6/6
  3101 | Ossuary  | Reached skill level 5 in Shields
  3123 | Ossuary  | Slain by a mummy

Illustrated notes

Levels and vault maps discovered:
D:1:      nzn_arrival_settlement, layout_loops_corners, serial_bayou_ford_a,
          nicolae_kite_square_tiling_tiny
D:2:      layout_basic, basic_altar, uniq_crazy_yiuf_cottage
D:3:      layout_basic, mainiacjoe_overflow_brackets, minmay_hedge_maze
D:4:      layout_basic, temple_hall, chequers_ossuary_entry_cave
Temple:   eino_temple_scatter_basement
Ossuary:  ossuary_crypta

Skill      XL: |  1  2  3  4  5  6 |
---------------+-------------------+-----
Axes           | 3 4 |  4.4
Armour         | 4 |  4.4
Fighting       | 4 |  4.1
Shields        | 5 |  5.0

Action                     |  1- 3 |  4- 6 || total
---------------------------+-------+-------++-------
  Melee: War axe           |    30 |       ||    30
         Battleaxe         |    21 |   100 ||   121
    Use: Scroll            |     2 |     3 ||     5
   Stab: Sleeping          |       |     4 ||     4
         Distracted        |       |     1 ||     1
 Armour: Scale mail        |    29 |    49 ||    78
  Dodge: Dodged            |    30 |    58 ||    88
  Block: Buckler           |    25 |    38 ||    63
